[Event "*** Titled Tuesday 3|2 Blitz"]
[Site "Chess.com"]
[Date "2017.05.02"]
[Round "7"]
[White "Storne89"]
[Black "bancsoo"]
[Result "0-1"]
[WhiteElo "2498"]
[BlackElo "2597"]
[TimeControl "180+2"]
[EndTime "14:38:27 PDT"]
[Termination "bancsoo won on time"]

1. e4 e5 2. Nf3 Nc6 3. Bb5 a6 4.
Ba4 Nf6 5. d3 d6 6. c3 g6 7. O-O Bg7 8. h3 O-O 9. Be3 Bd7 10. Nbd2 Qe8 11. Bb3 Nh5 12. d4 Kh8 13. dxe5 Nxe5 14. Nxe5 dxe5 15. Bc5 Rg8 16. Nf3 h6 17.
Qd5 Bc6 18. Qxf7 Bxe4 19. Qxg8+ Qxg8 20. Bxg8 Kxg8 21. Be3 Bxf3 22. gxf3 Kf7 23. Rad1 Ke6 24. Rd3 Bf6 25. Rfd1 Be7 26. Rd7 Rc8 27. c4 Nf6 28. R7d2 g5 29. Kf1 Ne8 30. Re2 Nd6 31. Bd4 Bf6 32.
b3 Nf7 33. Bc3 Nd6 34. Kg2 Nf5 35. Rde1 Nh4+ 36. Kg3 Ng6 37. Rd1 Nh4 38. Rd5 Ng6 39.
Re4 h5 40. Kh2 Rf8 41. Rd1 Be7 42. Rd3 Bf6 43. c5 Ne7 44. b4 Nd5 45. Bd2 Ne7 46. a4 Ng6 47. b5 axb5 48. axb5 Ra8 49. b6 cxb6 50. Rd6+ Kf5 51. cxb6 Ra2 52. Rd7 Nh4 53. Kg3 Ra3 54. Re3 Ra1 55. Rxb7 Rg1+ 56. Kh2 Rg2+ 57. Kh1 Rxf2 58. Rd7 Rf1+ 59. Kh2 Rb1 60. b7 Ke6 61. Rh7 Nf5 62. Rd3 Nd4 63. Kg2 Rb2 64.
Kf1 Be7 65. Be3 Nf5 66. Bf2 Rxb7 67. Rxh5 Rb1+ 68. Kg2 Rb2 69. Kf1 Rb1+ 70. Kg2 Rb2 71. Kf1 Rb1+ 72. Ke2 Rb2+ 73. Rd2 Rb3 74. Rh8 Bf6 75.
Ra8 Ne7 76. Ra6+ Kf5 77. Rdd6 Ng8 78. Ra8 Rb2+ 79. Kf1 Be7 80. Rc6 Nf6 81. Ra7 Bd8 82.
Ra8 Be7 83. Ra7 Bd8 84. Ra8 Be7 85. Ra5 Rb1+ 86. Kg2 Rb2 87. Kf1 Rb1+ 88. Kg2 Nh5 89. Be3 Rb2+ 90. Kg1 Rb3 91. Kf2 Rb2+ 92. Ke1 Bb4+ 0-1

[Event "*** Titled Tuesday 3|2 Blitz"]
[Site "Chess.com"]
[Date "2017.05.02"]
[Round "8"]
[White "jcibarra"]
[Black "hypert"]
[Result "1-0"]
[WhiteElo "2640"]
[BlackElo "2304"]
[TimeControl "180+2"]
[EndTime "14:39:44 PDT"]
[Termination "jcibarra won by resignation"]

1. e4 c5 2. Nf3 e6 3. d4 cxd4 4.
Nxd4 Nc6 5. Nc3 Qc7 6. g3 Nf6 7. Bg2 a6 8. O-O Nxd4 9. Qxd4 Bc5 10. Bf4 d6 11. Qd2 h6 12. Rad1 e5 13. Be3 Be6 14.
Bxc5 dxc5 15. Nd5 Bxd5 16. exd5 Qd6 17. f4 O-O 18. fxe5 Qxe5 19. d6 Qxb2 20. c4 Rad8 21. Qxb2 1-0

[Event "*** Titled Tuesday 3|2 Blitz"]
[Site "Chess.com"]
[Date "2017.05.02"]
[Round "8"]
[White "spectralsoul"]
[Black "Aygehovit1992"]
[Result "1-0"]
[WhiteElo "2649"]
[BlackElo "2511"]
[TimeControl "180+2"]
[EndTime "14:42:49 PDT"]
[Termination "spectralsoul won by resignation"]

1. Nf3 g6 2. d4 Bg7 3. e4 d6 4. h3 Nf6 5. Nc3 O-O 6. Be3 c6 7. a4 Qc7 8. Be2 Nbd7 9. O-O b6 10. Nd2 e5 11. dxe5 dxe5 12. Nc4 Rd8 13. Qd6 Qxd6 14. Nxd6 Nf8 15. Nxc8 Raxc8 16. a5 N6d7 17.
axb6 axb6 18. Ra7 Ne6 19. Bg4 Bf8 20. Bxe6 fxe6 21. Bg5 Ra8 22. Rfa1 1-0

[Event "*** Titled Tuesday 3|2 Blitz"]
[Site "Chess.com"]
[Date "2017.05.02"]
[Round "8"]
[White "WeiYi1999"]
[Black "heartofatiger"]
[Result "0-1"]
[WhiteElo "2071"]
[BlackElo "1923"]
[TimeControl "180+2"]
[EndTime "14:43:07 PDT"]
[Termination "heartofatiger won by resignation"]

1. e4 e5 2. Nf3 Nc6 3. Bc4 Bc5 4. c3 Nf6 5. d4 exd4 6. cxd4 Bb4+ 7. Bd2 Bxd2+ 8.
Nbxd2 d5 9. exd5 Nxd5 10. Qb3 Nce7 11. O-O O-O 12. Rfe1 c6 13. Ne4 h6 14. Ne5 Qb6 15. Nd6 Rb8 16. Rac1 Be6 17. Qa3 a5 18. b4 Qxb4 19. Qxb4 axb4 20. Rb1 Rfd8 21. Ne4 b6 22. Nd3 Nf5 23. Nf4 Nxf4 24. Bxe6 Nxe6 25. Rxb4 Nfxd4 0-1

[Event "*** Titled Tuesday 3|2 Blitz"]
[Site "Chess.com"]
[Date "2017.05.02"]
[Round "8"]
[White "biostatistician"]
[Black "ItalianMachine"]
[Result "1-0"]
[WhiteElo "2420"]
[BlackElo "2209"]
[TimeControl "180+2"]
[EndTime "14:43:19 PDT"]
[Termination "biostatistician won by resignation"]

1. d4 g6 2. Nf3 Bg7 3. c4 d6 4.
Nc3 c6 5. e4 Bg4 6. Be2 Bxf3 7.
Bxf3 Nd7 8. Be3 e5 9. O-O Ngf6 10. Qd2 O-O 11. Rac1 Qe7 12. d5 Ne8 13. dxc6 bxc6 14. Rfd1 f5 15. exf5 gxf5 16. Bxc6 f4 17. Bxa8 fxe3 18.
Qxe3 Qh4 19. Qg3 Qh6 20. Bc6 Nef6 21. Bxd7 Nxd7 22. Ne4 Rf4 23. Nxd6 Rd4 24. Nf5 1-0

[Event "*** Titled Tuesday 3|2 Blitz"]
[Site "Chess.com"]
[Date "2017.05.02"]
[Round "8"]
[White "sorito"]
[Black "BigMak2500"]
[Result "1-0"]
[WhiteElo "2381"]
[BlackElo "2380"]
[TimeControl "180+2"]
[EndTime "14:43:34 PDT"]
[Termination "sorito won by checkmate"]

1. d4 d5 2. e3 Nf6 3. c4 c6 4.
Nc3 e6 5. Nf3 Nbd7 6. Qc2 Bd6 7.
b3 O-O 8. Bb2 e5 9. dxe5 Nxe5 10. cxd5 cxd5 11. O-O-O Nxf3 12. gxf3 Be6 13. Rg1 Rc8 14. Kb1 b5 15. Qd2 b4 16. Nb5 Bxh2 17. Rg2 Bb8 18. Qd4 Kh8 19. Bd3 a6 20. Rxg7 axb5 21. Rxh7+ Kg8 22. Rg1+ Bg3 23. Rxg3+ Bg4 24. Rxg4+ Nxg4 25. Qg7# 1-0

[Event "*** Titled Tuesday 3|2 Blitz"]
[Site "Chess.com"]
[Date "2017.05.02"]
[Round "8"]
[White "Saitama_Hero"]
[Black "pawnwonder"]
[Result "1-0"]
[WhiteElo "2263"]
[BlackElo "1824"]
[TimeControl "180+2"]
[EndTime "14:43:37 PDT"]
[Termination "Saitama_Hero won by resignation"]

1. d4 Nf6 2. Nc3 g6 3. e4 d6 4. Be3 a6 5. Qd2 b5 6. f3 Bb7 7. O-O-O Nbd7 8. g4 Nb6 9. Bh6 Rc8 10. Bxf8 Rxf8 11.
g5 Nfd7 12. d5 c6 13. a3 cxd5 14. exd5 Qc7 15. Nh3 Nxd5 16. Nxd5 Bxd5 17. Nf4 Bxf3 18. Bg2 Bxg2 19. Qxg2 Nc5 20. Rhe1 Qc6 21. Nd5 Ne6 22.
Rd3 Kd7 23. Rc3 Qb7 24. Nf6+ 1-0

[Event "*** Titled Tuesday 3|2 Blitz"]
[Site "Chess.com"]
[Date "2017.05.02"]
[Round "8"]
[White "Gordima"]
[Black "Alexander_Donchenko"]
[Result "1-0"]
[WhiteElo "2600"]
[BlackElo "2516"]
[TimeControl "180+2"]
[EndTime "14:43:53 PDT"]
[Termination "Gordima won by resignation"]

1. c4 b6 2. Nc3 Bb7 3. e4 e5 4.
Nf3 Nc6 5. d4 exd4 6. Nxd4 Bb4 7. Nxc6 Bxc6 8. Bd3 Qh4 9. O-O O-O-O 10. Nd5 Bd6 11. g3 Qh3 12. Re1 h5 13. e5 Bc5 14.
Be3 h4 15. Nf4 Qxh2+ 16. Kxh2 hxg3+ 17. Kxg3 g5 18. Nd5 Nh6 19. Bxc5 bxc5 20. Ne7+ Kb7 21.
Qb3+ Ka8 22. Nxc6 dxc6 23. Be4 1-0

[Event "*** Titled Tuesday 3|2 Blitz"]
[Site "Chess.com"]
[Date "2017.05.02"]
[Round "8"]
[White "Abdodi"]
[Black "rithwik2002"]
[Result "1-0"]
[WhiteElo "2064"]
[BlackElo "1872"]
[TimeControl "180+2"]
[EndTime "14:43:58 PDT"]
[Termination "Abdodi won by resignation"]

1. e4 d5 2. exd5 Qxd5 3. d4 Nf6 4. c4 Qd8 5. Nc3 c5 6. d5 e6 7. Nf3 exd5 8. cxd5 a6 9. a4 Bd6 10. Bd3 O-O 11.
O-O Nbd7 12. Bg5 h6 13. Bh4 Qc7 14. Re1 b6 15. Bc2 Bb7 16. Qd3 c4 17. Qf5 g5 18.
Nxg5 hxg5 19. Bxg5 Kg7 20. Bxf6+ Nxf6 21. Qg5+ 1-0

[Event "*** Titled Tuesday 3|2 Blitz"]
[Site "Chess.com"]
[Date "2017.05.02"]
[Round "8"]
[White "Robin-Side"]
[Black "TricksOnly"]
[Result "0-1"]
[WhiteElo "2273"]
[BlackElo "2399"]
[TimeControl "180+2"]
[EndTime "14:44:06 PDT"]
[Termination "TricksOnly won by resignation"]

1. e4 d5 2. exd5 Nf6 3. Bb5+ Bd7 4. Bc4 b5 5. Bb3 Bg4 6. f3 Bf5 7. g4 Bc8 8. Qe2 a6 9. a4 b4 10. a5 Nxd5 11. Qc4 e6 12. Ne2 Qh4+ 13. Kd1 Be7 14. Nf4 Nxf4 15. Qxf4 O-O 16. c3 Bb7 17. Bc2 Bg5 18.
Qe4 Bxe4 19. Bxe4 Ra7 0-1

[Event "*** Titled Tuesday 3|2 Blitz"]
[Site "Chess.com"]
[Date "2017.05.02"]
[Round "8"]
[White "pKiLz5Rn9b"]
[Black "DiogenesSinopeus"]
[Result "0-1"]
[WhiteElo "2444"]
[BlackElo "2247"]
[TimeControl "180+2"]
[EndTime "14:44:45 PDT"]
[Termination "DiogenesSinopeus won by resignation"]

1. e4 e5 2. Nf3 Nc6 3. Bc4 Nf6 4.
d3 Bc5 5. c3 a6 6. Nbd2 Ba7 7.
Bb3 O-O 8. h3 d5 9. O-O Re8 10.
Re1 d4 11. Nf1 h6 12. Ng3 Be6 13. Nh4 Qd7 14. Nhf5 Rad8 15. Bc2 dxc3 16. bxc3 Ne7 17. Nxe7+ Qxe7 18. a4 Nd7 19. Ba3 Qf6 20. Qe2 Nc5 21. Rad1 Qh4 22. Kh2 Nd7 23. d4 Nf6 24. dxe5 Rxd1 25.
Rxd1 Ng4+ 26. Kh1 Nxf2+ 27. Kh2 Ng4+ 28. Kh1 Qxg3 0-1

[Event "*** Titled Tuesday 3|2 Blitz"]
[Site "Chess.com"]
[Date "2017.05.02"]
[Round "8"]
[White "ChristopherYoo"]
[Black "Wolverine_master"]
[Result "1-0"]
[WhiteElo "2236"]
[BlackElo "1942"]
[TimeControl "180+2"]
[EndTime "14:44:45 PDT"]
[Termination "ChristopherYoo won by checkmate"]

1. e4 d5 2. exd5 Qxd5 3. Nc3 Qd6 4. Nf3 Nf6 5. d4 a6 6. Be3 Nc6 7. Qd2 Bg4 8. O-O-O O-O-O 9. Be2 e5 10. dxe5 Nxe5 11.
Nxe5 Qxd2+ 12. Rxd2 Rxd2 13. Kxd2 Bxe2 14. Kxe2 Bb4 15.
Nxf7 Rf8 16. Ne5 Re8 17. Nd3 Bxc3 18. bxc3 Nd5 19. Kd2 Nxe3 20. fxe3 Rf8 21. Ke2 b6 22. h4 Rf6 23. Nf4 c6 24. g4 h6 25. g5 Rf5 26.
gxh6 gxh6 27. Rg1 Ra5 28. Rg6 Rxa2 29. Kd2 Ra1 30. Rxc6+ Kb7 31. Rxh6 a5 32. e4 a4 33. Nd5 a3 34. Rxb6+ Ka7 35. Rb4 Ka6 36. c4 Ka5 37.
Rb5+ Ka6 38. Nb4+ Ka7 39. c5 Rh1 40. Nc6+ Ka6 41. Rb6# 1-0

[Event "*** Titled Tuesday 3|2 Blitz"]
[Site "Chess.com"]
[Date "2017.05.02"]
[Round "8"]
[White "Abrito99"]
[Black "wonderfultime"]
[Result "0-1"]
[WhiteElo "2304"]
[BlackElo "2572"]
[TimeControl "180+2"]
[EndTime "14:44:46 PDT"]
[Termination "wonderfultime won by resignation"]

1. e4 c5 2. Nf3 d6 3. d4 cxd4 4.
Nxd4 Nf6 5. Nc3 g6 6. Be3 Bg7 7. f3 O-O 8. Qd2 Nc6 9. Bc4 Bd7 10. Bb3 Rc8 11. O-O-O Nxd4 12. Bxd4 b5 13. Nd5 Nxd5 14. Bxg7 Kxg7 15. exd5 a5 16. a3 Kg8 17. h4 b4 18. axb4 axb4 19. Qxb4 Rb8 20. Qc3 Qb6 21. Qd4 Qa5 22. Rhe1 Rfc8 23. Re3 Rb4 24. Qd3 Bb5 25. c4 Bxc4 26. Qc2 Rc5 0-1

[Event "*** Titled Tuesday 3|2 Blitz"]
[Site "Chess.com"]
[Date "2017.05.02"]
[Round "8"]
[White "Lawliet64"]
[Black "aa175"]
[Result "0-1"]
[WhiteElo "1993"]
[BlackElo "1815"]
[TimeControl "180+2"]
[EndTime "14:44:56 PDT"]
[Termination "aa175 won by resignation"]

1. e4 e5 2. Nf3 Nc6 3. Bb5 Nf6 4.
d3 Bc5 5. O-O Nd4 6. Nxd4 Bxd4 7.
c3 Bb6 8. h3 O-O 9. Nd2 d5 10.
exd5 Nxd5 11. Nf3 c6 12. Ba4 Bc7 13. Bg5 f6 14. Bh4 Nf4 15. Bc2 Bf5 16. d4 Qd7 17. dxe5 fxe5 18. Qxd7 Bxd7 19. Rfe1 Nxh3+ 20. gxh3 Rxf3 21. Be4 Rxh3 22. Bg3 Rf8 23. Rad1 Bb6 24. Kg2 Be6 25.
Rd6 Bc8 26. Bxe5 Rxf2+ 0-1

[Event "*** Titled Tuesday 3|2 Blitz"]
[Site "Chess.com"]
[Date "2017.05.02"]
[Round "8"]
[White "matiss90"]
[Black "David_Klein"]
[Result "1-0"]
[WhiteElo "2371"]
[BlackElo "2483"]
[TimeControl "180+2"]
[EndTime "14:45:10 PDT"]
[Termination "matiss90 won by resignation"]

1. e4 c5 2. Nf3 e6 3. d4 cxd4 4.
Nxd4 Nc6 5. Nc3 Qc7 6. Be2 a6 7. O-O d6 8. Be3 Bd7 9. f4 Nf6 10. Kh1 Be7 11. Qe1 Nxd4 12. Bxd4 Bc6 13. Bd3 e5 14. Be3 O-O 15. fxe5 dxe5 16. Qg3 Nh5 17.
Qh3 g6 18. Bh6 Nf4 19. Qf3 Rfe8 20. g3 Ne6 21. Qxf7+ Kh8 22. Qxe6 Bg5 23. Qh3 Bxh6 24. Qxh6 Qe7 25. Rf2 Rf8 26. Raf1 Rxf2 27. Rxf2 Rg8 28. Kg2 b5 29. a3 Be8 30. Nd5 Qd8 31. Nf6 Rg7 32.
Nxh7 Bf7 33. Nf6+ 1-0

[Event "*** Titled Tuesday 3|2 Blitz"]
[Site "Chess.com"]
[Date "2017.05.02"]
[Round "8"]
[White "kleinebeer98"]
[Black "SCIM"]
[Result "1-0"]
[WhiteElo "2461"]
[BlackElo "2387"]
[TimeControl "180+2"]
[EndTime "14:45:25 PDT"]
[Termination "kleinebeer98 won by resignation"]

1. e4 c5 2. Nf3 e6 3. b3 b6 4. Bd3 Bb7 5. O-O Nf6 6. Re1 Nc6 7.
e5 Nd5 8. Be4 Be7 9. c4 Nc7 10. d4 cxd4 11. Nxd4 Qb8 12. Nxc6 Bxc6 13. Bxc6 dxc6 14. Qg4 g6 15. Nc3 Bb4 16. Ne4 Bxe1 17. Ba3 c5 18. Rxe1 Na6 19. Nd6+ Kf8 20. Qf4 f5 21. exf6 h5 22. Rxe6 Rh7 23. f7 Nc7 24.
Re8+ 1-0

[Event "*** Titled Tuesday 3|2 Blitz"]
[Site "Chess.com"]
[Date "2017.05.02"]
[Round "8"]
[White "ehrenfeld"]
[Black "DryCounty"]
[Result "0-1"]
[WhiteElo "2384"]
[BlackElo "2458"]
[TimeControl "180+2"]
[EndTime "14:45:43 PDT"]
[Termination "DryCounty won by resignation"]

1. e4 c5 2. Nf3 d6 3. Bc4 Nf6 4.
d3 g6 5. O-O Bg7 6. Bb3 O-O 7.
c3 Nc6 8. Re1 b5 9. d4 Bb7 10.
d5 Na5 11. Bc2 e6 12. dxe6 fxe6 13. Nbd2 Qd7 14. e5 Ng4 15. exd6 Qxd6 16. Ne4 Qxd1 17.
Rxd1 c4 18. h3 Nf6 19. Nxf6+ Bxf6 20. Ng5 Bxg5 21. Bxg5 Bd5 22. a4 a6 23. Bh6 Rfe8 24.
Re1 Nc6 25. axb5 axb5 26. h4 b4 27. Rad1 b3 28. Bb1 Kf7 29. f3 Ne7 30. g4 Nc6 31. Kf2 Rad8 32. Kg3 Kg8 33. Rh1 Rd7 34. h5 Rf7 35.
Rxd5 exd5 36. hxg6 hxg6 37. Bxg6 Re2 38. Bxf7+ Kxf7 39. Rh2 Rxh2 40. Kxh2 d4 41. cxd4 c3 42. Bc1 c2 43. Kg3 Nb4 44. Bd2 Nd3 45. d5 Nxb2 46.
g5 Nc4 47. Bc1 b2 0-1

[Event "*** Titled Tuesday 3|2 Blitz"]
[Site "Chess.com"]
[Date "2017.05.02"]
[Round "8"]
[White "Konavets"]
[Black "Spartakus1975"]
[Result "1-0"]
[WhiteElo "2687"]
[BlackElo "2595"]
[TimeControl "180+2"]
[EndTime "14:45:53 PDT"]
[Termination "Konavets won by resignation"]

1. e4 e6 2. d4 d5 3. Nc3 Nf6 4.
Bg5 dxe4 5. Nxe4 Be7 6. Bxf6 gxf6 7. Nf3 a6 8. Qd2 b6 9. O-O-O Bb7 10. Bd3 c6 11.
Kb1 Nd7 12. Qf4 Qb8 13. Qh6 Qc7 14. Qg7 Rf8 15. Qxh7 O-O-O 16. Rhe1 Qf4 17. Re3 f5 18. g3 Qc7 19. Nc3 Nf6 20. Qh3 c5 21. Bxf5 exf5 22. Qxf5+ Kb8 23. d5 Ne8 24. Ne5 Nd6 25. Qf4 b5 26.
Nc6+ Bxc6 27. dxc6 Nc8 28. Rd7 Qxf4 29. gxf4 Bf6 30.
c7+ Ka8 31. cxd8=Q Rxd8 32. Rxd8 Bxd8 33. Re8 1-0

[Event "*** Titled Tuesday 3|2 Blitz"]
[Site "Chess.com"]
[Date "2017.05.02"]
[Round "8"]
[White "Enzy63"]
[Black "olgerts_indricans"]
[Result "0-1"]
[WhiteElo "2039"]
[BlackElo "2261"]
[TimeControl "180+2"]
[EndTime "14:46:00 PDT"]
[Termination "olgerts_indricans won by resignation"]

1. d4 Nf6 2. Nf3 g6 3. c4 Bg7 4. g3 O-O 5. Bg2 d6 6. Nc3 Nc6 7. O-O a6 8. Bf4 Bf5 9. Rc1 Ne4 10. Nxe4 Bxe4 11. d5 Bxf3 12. exf3 Nd4 13. Qd2 c5 14. dxc6 bxc6 15. Rfe1 c5 16. Bg5 Ra7 17.
h4 Rb7 18. b3 a5 19. h5 a4 20. hxg6 hxg6 21. bxa4 Rb2 22. Qd3 Ne6 23. Rxe6 fxe6 24. Bh3 Rf5 25. Bxf5 gxf5 26. Rb1 Rxa2 27. Rb7 Bd4 28. Be3 Bf6 29. Qb3 Rb2 30. Rb8 Qxb8 0-1

[Event "*** Titled Tuesday 3|2 Blitz"]
[Site "Chess.com"]
[Date "2017.05.02"]
[Round "8"]
[White "IIIlllII1llIl"]
[Black "FearlessKing64"]
[Result "1-0"]
[WhiteElo "2530"]
[BlackElo "2169"]
[TimeControl "180+2"]
[EndTime "14:46:16 PDT"]
[Termination "IIIlllII1llIl won on time"]

1. e4 c5 2. c3 g6 3. Nf3 Bg7 4. d4 cxd4 5. cxd4 d5 6. e5 Nc6 7.
Bb5 Bg4 8. Bxc6+ bxc6 9. Nbd2 Nh6 10. O-O O-O 11. h3 Bd7 12. Nb3 f6 13. Nc5 Bc8 14. Re1 Nf7 15. Bf4 Qb6 16. b3 Nd8 17. exf6 exf6 18. Bd6 Nf7 19. Bxf8 Bxf8 20. Rc1 Bf5 21. g4 Be4 22. Nxe4 dxe4 23. Rxe4 Rd8 24. Re6 Qb7 25.
Rexc6 Bg7 26. Rc7 Qe4 27. Rc8 Rxc8 28. Rxc8+ Bf8 29. Qe1 Qxf3 30. Qe7 Qd1+ 31. Kh2 1-0

[Event "*** Titled Tuesday 3|2 Blitz"]
[Site "Chess.com"]
[Date "2017.05.02"]
[Round "8"]
[White "GM_Huschenbeth"]
[Black "Noukii"]
[Result "1-0"]
[WhiteElo "2391"]
[BlackElo "2614"]
[TimeControl "180+2"]
[EndTime "14:46:18 PDT"]
[Termination "GM_Huschenbeth won by resignation"]

1. e4 Nf6 2. e5 Nd5 3. c4 Nb6 4.
d4 d5 5. exd6 cxd6 6. Nc3 g6 7.
Be3 Bg7 8. Nf3 O-O 9. h3 Nc6 10.
Be2 Bf5 11. O-O d5 12. c5 Nc4 13. Bxc4 dxc4 14. d5 Nb4 15. Bd4 Bh6 16. Qa4 Nxd5 17. Qxc4 Be6 18. Nxd5 Qxd5 19. Qc3 Rfd8 20. Rfe1 Rac8 21. b4 Bf8 22. a4 Qc4 23. Qxc4 Bxc4 24. Be3 f6 25. Rac1 Bb3 26. Nd4 Bf7 27. f4 Bd5 28. Red1 Kf7 29. Nb5 a6 30. Na7 Rb8 31.
c6 bxc6 32. Nxc6 Bxc6 33. Rxd8 Rxd8 34. Rxc6 Rd3 35. Kf2 Rb3 36. Bc5 e5 37. Rc7+ Ke6 38.
Bxf8 exf4 39. Rxh7 Rb2+ 40. Kf3 g5 41. Ra7 Kf5 42.
Rxa6 Rb3+ 43. Kf2 Rb2+ 44. Kg1 Rb1+ 45. Kh2 Rb2 46. Be7 1-0

[Event "*** Titled Tuesday 3|2 Blitz"]
[Site "Chess.com"]
[Date "2017.05.02"]
[Round "8"]
[White "Ilja_Semjonovs"]
[Black "1random"]
[Result "1-0"]
[WhiteElo "2254"]
[BlackElo "2302"]
[TimeControl "180+2"]
[EndTime "14:46:20 PDT"]
[Termination "Ilja_Semjonovs won by checkmate"]

1. e4 d5 2. exd5 Nf6 3. d4 Bg4 4. Be2 Bxe2 5. Nxe2 Qxd5 6. O-O Nc6 7. c3 O-O-O 8. Qa4 Kb8 9. Na3 e5 10. dxe5 Qxe5 11. Ng3 h5 12. Bf4 Qc5 13. b4 Qxc3 14. Bxc7+ Ka8 15. Bxd8 Qxb4 16. Qxb4 Bxb4 17. Bxf6 gxf6 18. Nc2 h4 19. Nxb4 hxg3 20. Nxc6 gxh2+ 21. Kh1 bxc6 22. Rfe1 Kb7 23. Re7+ Kb6 24. Rxf7 f5 25.
Rxf5 c5 26. Rb1+ Ka5 27. Rxc5+ Ka4 28. Rc7 a5 29. Rbc1 Rb8 30. Ra7 Ka3 31. Rxa5+ Kb2 32. Rc7 Ka1 33. g4 Rb1+ 34. Kxh2 Rb7 35. Rc1+ Kb2 36.
Rg1 Rf7 37. Kg3 Rg7 38. g5 Rg8 39. Kg4 Rc8 40. f4 Rc4 41. g6 Rc7 42. Kg5 Rc8 43.
g7 Rc7 44. g8=Q Rc3 45. Rb5+ Kc2 46. Rg2+ Kc1 47. Rg1+ Kc2 48. Qb3+ Kd3 49. Rd5+ Ke4 50. Qxc3 Kxd5 51. Rd1+ Ke4 52. Re1+ Kd5 53. Re5+ Kd6 54. Qc5+ Kd7 55. Re7+ Kd8 56. Qc7# 1-0

[Event "*** Titled Tuesday 3|2 Blitz"]
[Site "Chess.com"]
[Date "2017.05.02"]
[Round "8"]
[White "eldur16"]
[Black "Rikikits"]
[Result "0-1"]
[WhiteElo "2456"]
[BlackElo "2581"]
[TimeControl "180+2"]
[EndTime "14:46:22 PDT"]
[Termination "Rikikits won by resignation"]

1. d4 Nf6 2. c4 g6 3. Nc3 Bg7 4.
e4 O-O 5. Nge2 d6 6. f3 c5 7. d5 e6 8. Ng3 a6 9. a4 h5 10. Be2 h4 11. Nf1 Re8 12. Nd2 h3 13. g3 exd5 14. cxd5 Nbd7 15. Nc4 Nb6 16. Ne3 Bd7 17.
O-O Rb8 18. a5 Na8 19. Nc4 Bb5 20. Ra3 Bxc4 21. Bxc4 Nc7 22. Qd3 Nd7 23. f4 b5 24.
axb6 Nxb6 25. Bxa6 Bd4+ 26. Kh1 Qe7 27. Bb5 Bxc3 28. Bxe8 Rxe8 29. Rxc3 c4 30. Qd4 Nb5 31. Qxb6 Qxe4+ 32. Rcf3 Nd4 0-1

[Event "*** Titled Tuesday 3|2 Blitz"]
[Site "Chess.com"]
[Date "2017.05.02"]
[Round "8"]
[White "roldieyi"]
[Black "DavidForthoffer"]
[Result "1-0"]
[WhiteElo "2112"]
[BlackElo "2096"]
[TimeControl "180+2"]
[EndTime "14:46:24 PDT"]
[Termination "roldieyi won by resignation"]

1. d4 c6 2. Nf3 d5 3. c4 Nf6 4. Nc3 dxc4 5. a4 Bf5 6. Ne5 Na6 7. Nxc4 Nb4 8. Ne3 Bg6 9. g3 e6 10. Bg2 Be7 11. O-O O-O 12. h3 Rb8 13. b3 c5 14.
Nb5 a6 15. Na3 Qxd4 16. Qxd4 cxd4 17. Nec4 b5 18. Ne5 bxa4 19. bxa4 Nfd5 20. Nxg6 hxg6 21.
Bd2 Rfc8 22. Rfc1 Nc3 23. Bf1 Nbd5 24. Nc2 e5 25. e3 dxe3 26. Nxe3 Nxe3 27. Bxe3 a5 28.
Rc2 Rc7 29. Rac1 Rbc8 30. Kg2 Bd6 31. Ba6 Bb4 32. Bxc8 Rxc8 33. Bd2 1-0

[Event "*** Titled Tuesday 3|2 Blitz"]
[Site "Chess.com"]
[Date "2017.05.02"]
[Round "8"]
[White "politeplayer"]
[Black "1lec"]
[Result "0-1"]
[WhiteElo "2057"]
[BlackElo "2065"]
[TimeControl "180+2"]
[EndTime "14:46:28 PDT"]
[Termination "1lec won by checkmate"]

1. e4 c5 2. Nf3 d6 3. d4 cxd4 4. Nxd4 Nf6 5. Nc3 a6 6. Bc4 e6 7. Bb3 b5 8. O-O Be7 9. f4 Qc7 10. e5 dxe5 11. fxe5 Qxe5 12. Bf4 Qc5 13. Kh1 Nc6 14. Nxc6 Qxc6 15. Be5 Bb7 16. Qe2 O-O 17. Rf3 b4 18. Nd1 Qe4 19. Re3 Qh4 20. Rg3 Qe4 21.
Re3 Qh4 22. Bg3 Qh6 23. Nf2 Bc5 24. Re5 Bd6 25. Re3 Bxg3 26. Rxg3 Kh8 27. Rf1 Rad8 28. Rh3 Qg6 29. c3 Qxg2# 0-1

[Event "*** Titled Tuesday 3|2 Blitz"]
[Site "Chess.com"]
[Date "2017.05.02"]
[Round "8"]
[White "Michelangelo"]
[Black "Vrolijk"]
[Result "1-0"]
[WhiteElo "2655"]
[BlackElo "2348"]
[TimeControl "180+2"]
[EndTime "14:46:29 PDT"]
[Termination "Michelangelo won by resignation"]

1. d4 Nf6 2. c4 g6 3. Nc3 Bg7 4. e4 d6 5. Nf3 O-O 6. Be2 e5 7. O-O Nc6 8. dxe5 dxe5 9. Bg5 Nd4 10. Nxd4 exd4 11. Nd5 c6 12. e5 cxd5 13. Qxd4 dxc4 14.
Qh4 h6 15. Bxf6 Bxf6 16. exf6 Kh7 17. Bxc4 Bf5 18. Rad1 Qb6 19. Qd4 Rac8 20. Qxb6 axb6 21. b3 Rc6 22. Rfe1 Rxf6 23. Re7 Bc8 24. Rc7 Kg7 25. a4 Re8 26. f3 g5 27. Kf2 g4 28. Rd3 Bf5 29.
Re3 Rd8 30. Rxb7 h5 31. Ree7 Bg6 32. Rbd7 Rc8 33. Kg3 Rc5 34. f4 h4+ 35. Kxh4 Rxf4 36. Kg3 Rf6 37. Rd4 Re5 38. Rxe5 1-0

[Event "*** Titled Tuesday 3|2 Blitz"]
[Site "Chess.com"]
[Date "2017.05.02"]
[Round "8"]
[White "evgenyermolaev"]
[Black "stepanosinovsky"]
[Result "1-0"]
[WhiteElo "2350"]
[BlackElo "2225"]
[TimeControl "180+2"]
[EndTime "14:46:29 PDT"]
[Termination "evgenyermolaev won on time"]

1. e4 e5 2. Nf3 Nc6 3. Bc4 Nf6 4. d3 Be7 5. O-O d5 6. exd5 Nxd5 7. Re1 Bg4 8. Nbd2 O-O 9. h3 Bh5 10. Ne4 Nd4 11.
g4 Nxf3+ 12. Qxf3 Bg6 13. Bxd5 Kh8 14. Ng3 f5 15. gxf5 Bh4 16. Be4 Qd7 17. Qg4 Bxg3 18. fxg3 Bxf5 19. Bxf5 Rxf5 20. Rxe5 Raf8 21. Be3 h5 22. Qd4 Qf7 23. Rxf5 Qxf5 24. Qf4 Qc8 25. Qh4 Qf5 26. Re1 1-0

[Event "*** Titled Tuesday 3|2 Blitz"]
[Site "Chess.com"]
[Date "2017.05.02"]
[Round "8"]
[White "PaulfromSPb"]
[Black "penguingm1"]
[Result "1/2-1/2"]
[WhiteElo "2571"]
[BlackElo "2586"]
[TimeControl "180+2"]
[EndTime "14:46:34 PDT"]
[Termination "Game drawn by stalemate"]

1. e4 e5 2. Nf3 Nc6 3. Bb5 a6 4. Ba4 Nf6 5. O-O Be7 6. Re1 b5 7. Bb3 d6 8. c3 O-O 9. h3 Bb7 10. d4 Re8 11. Nbd2 Bf8 12. Nf1 exd4 13. Ng5 d5 14. exd5 Rxe1 15. Qxe1 Na5 16. Nxf7 Qd7 17. Ne5 Qe8 18. Bc2 dxc3 19. Qxc3 b4 20. Qxc7 Rc8 21. Qxa5 Rxc2 22. Ng4 Nxg4 23. hxg4 Qe1 24. Qb6 Bxd5 25. Qe3 Qd1 26. b3 Qxg4 27. Qg3 Qd4 28. Rb1 Qd1 29. Ra1 Rxc1 30. Rxc1 Qxc1 31. Qd3 Qc6 32. Ne3 Be4 33. Qd4 h6 34. f3 Bb1 35. Kh1 Bxa2 36. Qd3 a5 37. Ng4 Qe6 38. Qb5 Bxb3 39. Qxa5 Bd5 40. Ne3 Bxf3 41. gxf3 Qxe3 42. Qd5+ Kh8 43. Qd8 Qxf3+ 44. Kg1 b3 45. Qd6 Bxd6 1/2-1/2

[Event "*** Titled Tuesday 3|2 Blitz"]
[Site "Chess.com"]
[Date "2017.05.02"]
[Round "8"]
[White "stefanodinn"]
[Black "BjarkeSahl"]
[Result "1-0"]
[WhiteElo "2238"]
[BlackElo "2176"]
[TimeControl "180+2"]
[EndTime "14:46:40 PDT"]
[Termination "stefanodinn won by resignation"]

1. Nf3 c5 2. c4 Nc6 3. Nc3 e5 4. e3 d6 5. d4 cxd4 6. exd4 Bg4 7. Be2 Be7 8. O-O Bxf3 9. Bxf3 Nxd4 10. Bxb7 Rb8 11. Bd5 Nf6 12. b3 O-O 13. Be3 Nxd5 14.
Nxd5 Nc6 15. Qd2 h6 16. Rad1 Bg5 17. f4 exf4 18. Bxf4 Ne5 19. Kh1 Bxf4 20. Qxf4 Re8 21. h3 Re6 22. Nc3 Qa5 23. Qd4 Rbe8 24. Qd2 Nc6 25. Rf2 Ne5 26. Nd5 Qxd2 27. Rfxd2 Rc8 28. Kg1 f6 29. Kf2 Nf7 30. Re2 Re5 31. Rxe5 1-0